 Dungeon Crawl Stone Soup version 0.29-a0-296-gda187f2e07 (webtiles) character file.

Game seed: 15188674321558736599

361 tognito the Chopper (level 6, -7/53 HPs)
             Began as a Minotaur Berserker on Mar 19, 2022.
             Was a Priest of Trog.
             Mangled by a gnoll
             ... wielding a +0 flail
              (11 damage)
             ... on level 4 of the Dungeon.
             The game lasted 00:04:45 (3372 turns).

tognito the Chopper (Minotaur Berserker)            Turns: 3372, Time: 00:04:46

Health: -7/53      AC:  9    Str: 23    XL:     6   Next: 38%
Magic:  5/5        EV: 10    Int:  4    God:    Trog [***...]
Gold:   228        SH:  6    Dex: 10    Spells: 5/5 levels left

rFire   . . .      SeeInvis .   a - +0 hand axe
rCold   . . .      Faith    .   j - +0 kite shield
rNeg    . . .      Spirit   .   i - +0 ring mail
rPois   .          Reflect  .   (helmet restricted)
rElec   .          Harm     .   h - +2 cloak {rCorr}
rCorr   +          Rampage  .   (no gloves)
Will    .....                   (no boots)
Stlth   ..........              (no amulet)
HPRegen 0.17/turn               (no ring)
MPRegen 0.09/turn               (no ring)

@: on berserk cooldown, slowed, very slow
A: horns 2, retaliatory headbutt
a: Renounce Religion, Berserk, Trog's Hand


You were on level 4 of the Dungeon.
You worshipped Trog.
Trog was most pleased with you.
You visited 1 branch of the dungeon, and saw 4 of its levels.

You collected 228 gold pieces.

Inventory:

Hand Weapons
 a - a +0 hand axe (weapon)
Missiles
 f - 6 poisoned darts (quivered)
 k - 5 silver javelins
 m - 5 curare-tipped darts
Armour
 h - a +2 cloak of preservation (worn)
 i - a +0 ring mail (worn)
 j - a +0 kite shield (worn)
Scrolls
 b - a scroll of identify {unknown}
 c - a scroll of immolation {unknown}
 d - 6 scrolls of teleportation {unknown}
 e - a scroll of vulnerability {unknown}
 l - 2 scrolls of amnesia {unknown}
Potions
 g - 2 potions of curing


   Skills:
 + Level 4.7 Fighting
 * Level 5.8 Axes
 + Level 2.2 Throwing
 + Level 4.0 Armour
 + Level 3.7 Dodging


You had 5 spell levels left.
You didn't know any spells.
Your spell library was empty.

Dungeon Overview and Level Annotations

Branches:
Dungeon (4/15)
 Temple: D:4-7

Altars:
Lugonu

Shops:
D:2 =!*

Portals:
Abyss: D:3


Innate Abilities, Weirdness & Mutations

You have a pair of horns on your head.
You reflexively headbutt those who attack you in melee.


Message History

You kill the jackal!
Trog accepts your kill. The gnoll barely misses you.
The gnoll hits you from afar with a +0 spear.
The orc warrior hits you with a +0 dire flail!
* * * LOW HITPOINT WARNING * * *
You slash the orc warrior!
You kill the orc warrior!
Trog accepts your kill.
You miss the adder. You barely miss the orc. You closely miss the gnoll.
The adder closely misses you. The gnoll hits you with a +0 flail!
* * * LOW HITPOINT WARNING * * *
You block the gnoll's attack. The orc closely misses you.
Your Armour skill increases to level 4!
You have reached level 6!
You are no longer berserk.
You are exhausted.
You feel yourself slow down.
Things that are here:
a +0 club; a +0 leather armour You hit the gnoll but do no damage.
Your headbutt misses the gnoll.
The gnoll is moderately wounded.
You closely miss the orc. You block the orc's attack.
The gnoll barely misses you. You furiously retaliate!
You headbutt the gnoll!
You kill the gnoll!
Trog accepts your kill. The adder bites you but does no damage.
The orc hits you but does no damage. The gnoll closely misses you.
The adder closely misses you. You furiously retaliate!
You headbutt the adder! You miss the adder. Your headbutt misses the adder.
The adder is severely wounded.
You hit the orc. You hit the gnoll.
An adder comes into view.
The adder bites you but does no damage. The orc hits you with a +1 vorpal mace.
* * * LOW HITPOINT WARNING * * *
x2 The gnoll hits you with a +0 flail.
* * * LOW HITPOINT WARNING * * *
You block the adder's attack. The orc hits you but does no damage.
The gnoll hits you with a +0 flail!
You die...

#. #. #.#####
#.....# # .
#.....#.# ..
#.....#.#.#
...
#...).S...#
#...##Sog)#
#?.....@).#
##...#.)..#
##. #....#
#.#### #.# #.#
#.# #.#
######'#######


You could see a gnoll, 2 adders and an orc.

Vanquished Creatures
  An orc warrior (D:4)
  An orc priest (D:3)
  A gnoll shaman (D:4)
  Crazy Yiuf (D:2)
  Jessica (D:2)
  An orc wizard (D:3)
  2 gnolls (D:4)
  3 adders
  2 dart slugs (D:3)
  4 orcs
  5 ball pythons
  3 endoplasms
  2 giant cockroaches
  8 goblins
  5 hobgoblins
  8 jackals
  15 kobolds
  2 quokkas
  2 bats
  A frilled lizard (D:2)
  5 rats
73 creatures vanquished.

Notes
Turn   | Place    | Note
-------+----------+-------------------------------------------
     0 | D:1      | tognito the Minotaur Berserker began the quest for the Orb.
     0 | D:1      | Reached XP level 1. HP: 19/19 MP: 0/0
   244 | D:1      | Reached XP level 2. HP: 22/27 MP: 1/1
   586 | D:1      | Reached skill level 4 in Axes
  1019 | D:2      | Noticed Jessica
  1030 | D:2      | Killed Jessica
  1031 | D:2      | Reached skill level 1 in Throwing
  1031 | D:2      | Reached XP level 3. HP: 21/33 MP: 2/2
  1247 | D:2      | Found Cot Fobe's General Store.
  1271 | D:2      | Found Pathew's Distillery.
  1297 | D:2      | Reached XP level 4. HP: 24/40 MP: 3/3
  1456 | D:2      | Found Japruid's Jewellery Emporium.
  1517 | D:2      | Found a runed translucent door.
  1518 | D:2      | Noticed Crazy Yiuf
  1526 | D:2      | Killed Crazy Yiuf
  1580 | D:2      | Reached ** piety under Trog
  2288 | D:3      | Reached XP level 5. HP: 45/46 MP: 4/4
  2292 | D:3      | Reached skill level 5 in Axes
  3099 | D:3      | Found a faded altar of an unknown god.
  3191 | D:3      | Found a large runed translucent door.
  3191 | D:3      | Found a corrupted altar of Lugonu.
  3191 | D:3      | Found a large runed translucent door.
  3217 | D:3      | Found a one-way gate to the infinite horrors of the Abyss.
  3359 | D:4      | Noticed an orc warrior
  3369 | D:4      | Killed an orc warrior
  3369 | D:4      | Reached *** piety under Trog
  3370 | D:4      | Reached XP level 6. HP: 15/53 MP: 5/5
  3372 | D:4      | Mangled by a gnoll

Illustrated notes

Levels and vault maps discovered:
D:1:      lemuel_arrival_rhombus, layout_basic
D:2:      layout_basic, serial_shops, nicolae_shop_hallway_plus,
          nicolae_shop_behind_doors, nicolae_shop_crystal,
          uniq_crazy_yiuf_cottage, uniq_jessica
D:3:      due_chaos_kobolds, layout_loops_corners, basic_ecumenical_altar
D:4:      minmay_inner_zag, layout_basic, mainiacjoe_overflow_six_doors_small,
          uniq_pikel, uniq_menkaure

Skill      XL: |  1  2  3  4  5 |
---------------+----------------+-----
Axes           | 4 5 |  5.8
Fighting       | 4 |  4.7
Throwing       | 1 2 |  2.2
Armour         | 3 4 |  4.0
Dodging        | 3 |  3.7

Action                   |  1- 3 |  4- 6 || total
-------------------------+-------+-------++-------
Melee: Hand axe          |    89 |    75 ||   164
       Headbutt          |     9 |    11 ||    20
       Punch             |     1 |       ||     1
Invok: Berserk           |       |     2 ||     2
  Use: Potion            |     2 |     2 ||     4
Armor: Animal skin       |    19 |       ||    19
       Ring mail         |       |    22 ||    22
Dodge: Dodged            |    58 |    46 ||   104
Block: Kite shield       |       |    18 ||    18

Table legend: (Time is in decaauts)
 A = Elapsed time spent in this place.
 B = Non-inter-level travel time spent in this place.
 C = Inter-level travel time spent in this place.
 D = Time resting spent in this place.
 E = Time spent auto-exploring this place.
 F = Levels seen in this place.
 G = Mean time per level.
                   A        B        C        D        E       F      G
               +--------+--------+--------+--------+--------+-----+--------+
         Total |   3395 |   3319 |     76 |     23 |   2812 |   4 |  848.8 |
       Dungeon |   3395 |   3319 |     76 |     23 |   2812 |   4 |  848.8 |
               +--------+--------+--------+--------+--------+-----+--------+

Top non-repeatable levels by time:
     D:2: 1195 daAuts
     D:3: 1129 daAuts
     D:1: 1005 daAuts
     D:4: 64 daAuts
